 Dungeon Crawl Stone Soup version 0.21.0-3-g78d12a8 (webtiles) character file.

8292 Suckerboh the Basher (level 11, -22/67 HPs)
             Began as a Gargoyle Gladiator on Jan 11, 2018.
             Was an Elder of Zin.
             Killed from afar by a gargoyle (34 damage)
             ... with a stone arrow
             ... on level 8 of the Dungeon.
             The game lasted 00:13:51 (7047 turns).

Suckerboh the Basher (Gargoyle Gladiator)           Turns: 7047, Time: 00:13:51

Health: -22/67     AC: 17    Str: 19    XL:     11   Next: 28%
Magic:  14/14      EV: 13    Int:  8    God:    Zin [****..]
Gold:   360        SH: 10    Dex: 18    Spells: 10/10 levels left

rFire    + . .     SeeInvis .   a - +0 morningstar
rCold    . . .     Gourm    .   s - +0 shield
rNeg     + . .     Faith    .   e - +0 ring mail
rPois    ∞         Spirit   .   c - +0 helmet
rElec    +         Reflect  .   b - +0 cloak
rCorr    .         Harm     +   (no gloves)
MR       .....                  (no boots)
Stlth    +.........             n - amulet of harm
HPRegen  0.21/turn              D - +4 ring of dexterity
MPRegen  0.14/turn              q - ring of protection from fire

@: no status effects
A: negative energy resistance 1, electricity resistance, unbreathing,
petrification resistance, rot immunity, AC +8
a: Recite, Vitalisation, Imprison, Donate Gold, Renounce Religion


You were on level 8 of the Dungeon.
You worshipped Zin.
Zin was greatly pleased with you.
You were not hungry.

You visited 2 branches of the dungeon, and saw 9 of its levels.

You collected 400 gold pieces.
You donated 40 gold pieces to Zin.

Inventory:

Hand Weapons
 a - a +0 morningstar (weapon)
 o - a +0 flail
 r - a +1 whip of electrocution
Missiles
 d - 2 throwing nets (quivered)
Armour
 b - a +0 cloak (worn)
 c - a +0 helmet (worn)
 e - a +0 ring mail (worn)
 s - a +0 shield (worn)
Jewellery
 n - an amulet of harm (around neck)
 q - a ring of protection from fire (right hand)
 u - the ring "Didasuim" {*Tele rElec MR+ Str+4 Int-2}
   (You found it on level 4 of the Dungeon)

   [ring of teleportation]

   It may teleport you next to monsters.
   It affects your strength (+4).
   It affects your intelligence (-2).
   It insulates you from electricity.
   It affects your resistance to hostile enchantments.
 D - a +4 ring of dexterity (left hand)
Wands
 y - a wand of iceblast (13)
Scrolls
 h - 4 scrolls of teleportation
 k - 3 scrolls of identify
 l - 2 scrolls of blinking
 t - 6 scrolls of remove curse
 v - a scroll of noise {unknown}
 w - a scroll of magic mapping
 F - a scroll of random uselessness {unknown}
 G - 2 scrolls of fear {unknown}
Potions
 i - 6 potions of curing
 j - 3 potions of resistance
 m - 3 potions of agility {unknown}
 p - 2 potions of invisibility {unknown}
 z - 3 potions of degeneration {unknown}
 A - 2 potions of haste
 B - a potion of cancellation
 C - a potion of heal wounds
 E - a potion of flight {unknown}
Books
 g - a book of Minor Magic

   Spells                             Type                      Level
   a - Magic Dart                     Conjuration                  1
   b - Blink                          Translocation                2
   c - Call Imp                       Summoning                    2
   d - Slow                           Hexes                        2
   e - Conjure Flame                  Conjuration/Fire             3
   f - Mephitic Cloud                 Conjuration/Poison/Air       3
 x - a Fen Folio

   Spells                             Type                      Level
   a - Corpse Rot                     Necromancy                   2
   b - Stone Arrow                    Conjuration/Earth            3
   c - Leda's Liquefaction            Hexes/Earth                  4
   d - Summon Forest                  Summoning/Translocation      5
   e - Hydra Form                     Transmutation                6
   f - Summon Hydra                   Summoning                    7
Comestibles
 f - 15 rations
 H - 4 chunks of flesh


   Skills:
 + Level 7.0 Fighting
 * Level 13.0 Maces & Flails
 - Level 1.7 Throwing
 * Level 7.0 Armour
 + Level 5.5 Dodging
 + Level 5.3 Shields
 + Level 4.4 Invocations


You had 10 spell levels left.
You didn't know any spells.

Dungeon Overview and Level Annotations

Branches:
Dungeon (8/15)             Temple (1/1) D:4
   Lair: D:8-11

Altars:
Cheibriados
Dithmenos
Kikubaaqudgha
Nemelex Xobeh
Okawaru
Sif Muna
Trog
Vehumet
Wu Jian
Xom
Yredelemnul
Zin


Innate Abilities, Weirdness & Mutations

You are resistant to torment.
Your stone body is resilient. (AC +8)
You are immune to poison.
You resist negative energy. (rN+)
You are resistant to electric shocks. (rElec)
You can survive without breathing.
You are immune to petrification.
You are immune to rotting.


Message History

You barely miss the gargoyle.
The gargoyle hits you but does no damage.
You hit the gargoyle but do no damage. You sock the gargoyle!
The gargoyle is severely damaged.
The gargoyle hurls a stone arrow at you.
You block the stone arrow.
You hit the gargoyle but do no damage.
The gargoyle is severely damaged.
You block the gargoyle's attack.
You hit the gargoyle.
The gargoyle is almost destroyed.
The gargoyle hurls a stone arrow at you.
The stone arrow misses you.
You hit the gargoyle.
The gargoyle is almost destroyed.
The gargoyle hurls a stone arrow at you.
The stone arrow hits you!
Ouch! That really hurt!
You die...

#.##c.# ##..# ##### #.##..#
##.#.# #.... ..##..# ##....#
#.#.. #.##..## ##.###>###.#.#
#..##.(###..# #..##.#.#
...######.##.##..#.#.###.).#.#.#
.............(##(.##.##......#.#
#.######.#####(#9(##.#.......#.#
.#####.......@)..............#
#.........#######.(##.......###
#.#######.# #..###.....##
#.#######.........##
#......##..#####.## ######.##..#
### #.##..# ##.##..# ##
########...#..#######


You could see a gargoyle.

Vanquished Creatures
  A centaur warrior (D:8)
  A two-headed ogre (D:4)
  The ghost of Suckerboh the Basher, a novice GrGl of Zin (D:7)
  The ghost of Duranin the Conjurer, a novice DrCj (D:6)
  The ghost of dscm the Insei, a novice OpMo of Ru (D:4)
  A hippogriff (D:8)
  A spriggan (D:8)
  2 ice beasts
  2 orc warriors
  3 sky beasts
  2 phantoms
  2 ogres (D:6)
  3 centaurs
  2 bullfrogs
  A water moccasin skeleton (D:7)
  3 scorpions
  4 wights (D:7)
  6 killer bees (D:8)
  A howler monkey (D:7)
  A centaur zombie (D:8)
  2 crimson imps
  A bullfrog zombie (D:6)
  A jelly (D:7)
  An orc priest (D:5)
  A gnoll shaman (D:6)
  2 hounds
  9 orc wizards
  A bullfrog skeleton (D:5)
  7 worker ants
  A worker ant zombie (D:5)
  15 gnolls
  9 adders
  3 river rats (D:6)
  2 shadow imps (D:7)
  2 oozes
  An adder zombie (D:7)
  2 worms
  2 dart slugs (D:5)
  A leopard gecko (D:2)
  10 orcs
  A ball python (D:6)
  4 bats
  3 giant cockroaches
  9 goblins
  9 hobgoblins
  16 jackals
  5 quokkas
  5 frilled lizards
  9 kobolds
  6 rats
179 creatures vanquished.

Notes
Turn   | Place    | Note
-------+----------+-------------------------------------------
     0 | D:1      | Suckerboh the Gargoyle Gladiator began the quest for the Orb.
     0 | D:1      | Reached XP level 1. HP: 12/12 MP: 1/1
   191 | D:1      | Reached XP level 2. HP: 16/18 MP: 2/2
   880 | D:2      | Reached XP level 3. HP: 22/22 MP: 3/3
   931 | D:2      | Reached skill level 4 in Maces & Flails
  1239 | D:2      | Found a basalt altar of Yredelemnul.
  1404 | D:2      | Reached XP level 4. HP: 22/27 MP: 4/4
  1851 | D:3      | Found an iron altar of Okawaru.
  1870 | D:3      | Reached skill level 5 in Maces & Flails
  1870 | D:3      | Reached XP level 5. HP: 27/31 MP: 5/5
  1894 | D:3      | Found a bloodstained altar of Trog.
  2040 | D:3      | Reached skill level 1 in Armour
  2073 | D:3      | Found a sparkling altar of Nemelex Xobeh.
  2082 | D:3      | Found an ornate altar of the Wu Jian Council.
  2425 | D:4      | Got a wavering amber ring
  2566 | D:4      | Found a staircase to the Ecumenical Temple.
  2580 | D:4      | Found the +8 demon blade "Bloodbane" {slice, *Rage +Rage Stlth-}
  2609 | Temple   | Entered the Ecumenical Temple
  2632 | Temple   | Became a worshipper of Zin the Law-Giver
  2632 | Temple   | Reached * piety under Zin
  2807 | D:4      | Noticed dscm's ghost (novice OpMo)
  2819 | D:4      | Killed dscm's ghost
  2819 | D:4      | Reached skill level 6 in Maces & Flails
  2819 | D:4      | Reached XP level 6. HP: 16/37 MP: 6/6
  2819 | D:4      | Reached XP level 7. HP: 18/41 MP: 7/7
  3170 | D:4      | Noticed a two-headed ogre
  3180 | D:4      | Killed a two-headed ogre
  3180 | D:4      | Reached skill level 8 in Maces & Flails
  3180 | D:4      | Reached XP level 8. HP: 25/46 MP: 8/8
  3472 | D:5      | Entered Level 5 of the Dungeon
  3510 | D:5      | Reached skill level 9 in Maces & Flails
  4174 | D:5      | Reached ** piety under Zin
  4327 | D:6      | Reached skill level 10 in Maces & Flails
  4327 | D:6      | Reached XP level 9. HP: 39/52 MP: 9/9
  4558 | D:6      | Noticed Duranin's ghost (novice DrCj)
  4572 | D:6      | HP: 2/52 [Duranin's ghost/spray of energy (25)]
  4581 | D:6      | Killed Duranin's ghost
  4984 | D:6      | Reached skill level 11 in Maces & Flails
  5247 | D:6      | Identified the ring "Didasuim" {*Tele rElec MR+ Str+4 Int-2} (You found it on level 4 of the Dungeon)
  5262 | D:6      | Reached skill level 12 in Maces & Flails
  5262 | D:6      | Reached skill level 5 in Dodging
  5262 | D:6      | Reached XP level 10. HP: 61/61 MP: 9/13
  5377 | D:7      | Noticed Suckerboh's ghost (novice GrGl)
  5813 | D:7      | Reached *** piety under Zin
  6011 | D:7      | Killed Suckerboh's ghost
  6011 | D:7      | Reached XP level 11. HP: 37/66 MP: 14/14
  6485 | D:8      | Reached **** piety under Zin
  6600 | D:8      | Found a deep blue altar of Sif Muna.
  6722 | D:8      | Reached skill level 5 in Shields
  6923 | D:8      | Found a deep blue altar of Sif Muna.
  6933 | D:8      | Found an ancient bone altar of Kikubaaqudgha.
  6949 | D:8      | Found a radiant altar of Vehumet.
  7012 | D:8      | Noticed a centaur warrior
  7037 | D:8      | Killed a centaur warrior
  7037 | D:8      | Reached skill level 13 in Maces & Flails
  7047 | D:8      | Killed from afar by a gargoyle

Skill      XL: |  1  2  3  4  5  6  7  8  9 10 11 |
---------------+----------------------------------+-----
Maces & Flails | 4 5 6 8 10 12 13 | 13.0
Armour         | 1 3 6 7 |  7.0
Fighting       | 3 4 6 7 |  7.0
Dodging        | 3 5 |  5.5
Shields        | 4 5 |  5.3
Invocations    | 4 |  4.4
Throwing       | |  1.7

Action                   |  1- 3 |  4- 6 |  7- 9 | 10-12 || total
-------------------------+-------+-------+-------+-------++-------
Melee: Flail             |   122 |    28 |       |       ||   150
       Morningstar       |       |   130 |   256 |   277 ||   663
Throw: Throwing net      |       |       |     1 |       ||     1
  Use: Scroll            |       |       |    10 |       ||    10
       Potion            |       |       |     4 |     1 ||     5
 Stab: Held in net/web   |       |       |     1 |       ||     1
  Eat: Chunk             |     2 |     5 |     8 |     2 ||    17
       Ration            |       |       |       |     1 ||     1
Armor: Ring mail         |    73 |    80 |   125 |   106 ||   384
Dodge: Dodged            |   100 |   108 |   128 |    87 ||   423
Block: Shield            |       |       |       |   148 ||   148
